 Dungeon Crawl Stone Soup version 0.26.1-11-gd32895ea62 (webtiles) character file.

Game seed: 6777161068327370447

779 Fusha the Sneak (level 8, -5/60 HPs)
             Began as a Human Brigand on June 5, 2021.
             Killed from afar by an orc wizard (7 damage)
             ... with a magic dart
             ... on level 5 of the Dungeon on June 6, 2021.
             The game lasted 00:27:02 (6634 turns).

Fusha the Sneak (Human Brigand)                     Turns: 6634, Time: 00:27:03

Health: -5/60      AC:  5    Str: 19      XL:     8   Next: 10%
Magic:  8/8        EV: 14    Int: 10 (11) God:
Gold:   180        SH:  0    Dex: 16      Spells: 7/7 levels left

rFire    . . .     SeeInvis .   g - +0 dagger (curse)
rCold    + . .     Faith    .   (no shield)
rNeg     . . .     Spirit   .   n - +0 robe {Will+}
rPois    .         Reflect  .   (no helmet)
rElec    .         Harm     .   c - +0 cloak
rCorr    .         Rampage  .   (no gloves)
Will     +....                  l - +1 pair of boots
Stlth    +++.......             k - amulet of inaccuracy (curse)
HPRegen  0.20/turn              p - ring of protection from cold
MPRegen  0.11/turn              d - +6 ring of strength

@: mighty, flying, hasted, very quick
A: no striking features
a: no special abilities


You were on level 5 of the Dungeon.
You visited 1 branch of the dungeon, and saw 5 of its levels.

You collected 180 gold pieces.

Inventory:

Hand Weapons
 a - a +3 dagger
 f - a cursed -2 rapier
 g - a cursed +0 dagger (weapon)
Missiles
 q - 3 silver boomerangs (quivered)
Armour
 b - a +0 robe
 c - a +0 cloak (worn)
 l - a +1 pair of boots (worn)
 n - a +0 robe of willpower (worn)
Jewellery
 d - a +6 ring of strength (right hand)
 k - a cursed amulet of inaccuracy (around neck)
 p - a ring of protection from cold (left hand)
Scrolls
 h - a scroll of teleportation
 o - a scroll of identify
 r - a scroll of magic mapping
Potions
 j - a potion of haste


   Skills:
 + Level 3.7 Fighting
 + Level 4.9 Short Blades
 + Level 3.6 Throwing
 + Level 3.9 Dodging
 + Level 5.6 Stealth
 + Level 0.6 Evocations


You had 7 spell levels left.
You didn't know any spells.
Your spell library was empty.

Dungeon Overview and Level Annotations

Branches:
Dungeon (5/15)
 Temple: D:4-7

Altars:
Elyvilon

Annotations:
D:3 Wormgod's ghost, amateur HOFi
D:4 1 runed translucent door, Edmund


Message History

You miss the quokka. The quokka misses you.
You miss the quokka. The quokka closely misses you.
You puncture the quokka!
You kill the quokka!
Something hits you.
* * * LOW HITPOINT WARNING * * *
Unknown command.
You closely miss something. Something hits you.
* * * LOW HITPOINT WARNING * * *
You feel yourself speed up.
You hear some strange, mumbled words.
A puff of flame appears from out of thin air!
The puff of flame misses you.
The orc priest calls down the wrath of Beogh upon you.
Beogh smites you!
* * * LOW HITPOINT WARNING * * *
Okay, then.
A magic dart appears from out of thin air!
The magic dart hits you!
You die...

######## #......# #......#
#[.....# #......# #########
#..รท...#
........############......#
........o.o.{...@..>......#
........##########........#
........# ##........#
........# #.....#.###
........# #.#.....#######
.........# #.#............
###..###.# #.#..##########
#..#$#.. #.......#
###...#.# ####


You could see an orc priest.

Vanquished Creatures
  Sigmund (D:2)
  A sky beast (D:5)
  A scorpion (D:5)
  A bullfrog zombie (D:5)
  An orc priest (D:3)
  A jelly (D:3)
  3 hounds
  Ijyb (D:5)
  A worker ant (D:4)
  Robin (D:2)
  3 gnolls (D:2)
  7 adders
  A shadow imp (D:5)
  A worker ant simulacrum (D:3)
  2 oozes
  An adder zombie (D:5)
  3 worms
  2 dart slugs
  4 leopard geckos
  5 orcs
  5 giant cockroaches
  20 goblins
  12 hobgoblins
  10 jackals
  6 kobolds
  2 quokkas
  10 bats
  4 frilled lizards
  A giant cockroach simulacrum (D:3)
  A jackal simulacrum (D:3)
  4 rats (D:1)
116 creatures vanquished.

Vanquished Creatures (others)
  2 bushes (D:2)
  2 plants (D:2)
4 creatures vanquished.

Grand Total: 120 creatures vanquished

Notes
Turn   | Place    | Note
-------+----------+-------------------------------------------
     0 | D:1      | Fusha the Human Brigand began the quest for the Orb.
     0 | D:1      | Reached XP level 1. HP: 16/16 MP: 1/1
   176 | D:1      | Reached XP level 2. HP: 22/22 MP: 2/2
   403 | D:1      | Reached XP level 3. HP: 22/27 MP: 3/3
  1113 | D:2      | Noticed Robin
  1644 | D:2      | Reached XP level 4. HP: 33/33 MP: 4/4
  2111 | D:2      | Noticed Sigmund
  2185 | D:2      | Killed Sigmund
  2186 | D:2      | Reached skill level 5 in Stealth
  2186 | D:2      | Reached XP level 5. HP: 30/39 MP: 5/5
  2186 | D:2      | Reached XP level 6. HP: 36/46 MP: 6/6
  2316 | D:2      | Killed Robin
  3208 | D:3      | Noticed Wormgod's ghost (amateur HOFi)
  3230 | D:3      | Found a runed translucent gate.
  3230 | D:3      | Found a runed translucent gate.
  3230 | D:3      | Found a runed translucent gate.
  3993 | D:3      | Reached XP level 7. HP: 31/51 MP: 7/7
  4788 | D:4      | Noticed Edmund
  5413 | D:4      | Found a white marble altar of Elyvilon.
  5413 | D:4      | Found a runed translucent door.
  5413 | D:4      | Noticed an angel
  5600 | D:5      | Entered Level 5 of the Dungeon
  5654 | D:5      | Noticed Ijyb
  5706 | D:5      | Killed Ijyb
  6225 | D:5      | Reached XP level 8. HP: 19/59 MP: 8/8
  6631 | D:5      | HP: 1/60 [orc priest/divine providence (12)]
  6634 | D:5      | Killed from afar by an orc wizard

Illustrated notes

Levels and vault maps discovered:
D:1:      amcnicky_arrival_gap_in_the_tavern_cellar, layout_loops_ring,
          minmay_small_reverse_x
D:2:      layout_basic, serial_forest, infiniplex_forest_lined_ring,
          infiniplex_forest_straight_4, infiniplex_forest_zigzag_1,
          infiniplex_forest_end_2, infiniplex_forest_clump_C,
          infiniplex_forest_clump_diagonal, infiniplex_forest_straight_4,
          infiniplex_forest_side_room, uniq_sigmund, uniq_robin
D:3:      layout_basic, gammafunk_ghost_icy
D:4:      layout_basic, lemuel_angel_altar, uniq_edmund
D:5:      layout_basic, basic_altar, serial_shops, nicolae_shop_waterfront,
          item_on_display_a, uniq_ijyb

Skill      XL: |  1  2  3  4  5  6  7 |
---------------+----------------------+-----
Dodging        | 2 3 |  3.9
Short Blades   | 3 4 |  4.9
Throwing       | 3 |  3.6
Stealth        | 5 |  5.6
Fighting       | 3 |  3.7
Evocations     | |  0.6

Action                   |  1- 3 |  4- 6 |  7- 9 || total
-------------------------+-------+-------+-------++-------
Melee: Dagger            |   124 |   287 |   299 ||   710
Throw: Dart              |    23 |    29 |    15 ||    67
       Boomerang         |       |     5 |     5 ||    10
Evoke: Wand              |       |     1 |     8 ||     9
  Use: Scroll            |       |     4 |     3 ||     7
       Potion            |       |       |     9 ||     9
 Stab: Sleeping          |     3 |     9 |     4 ||    16
       Distracted        |     1 |       |     2 ||     3
       Paralysed         |       |     1 |     3 ||     4
Armor: Robe              |    32 |    46 |    59 ||   137
Dodge: Dodged            |    87 |   172 |   167 ||   426
